 Dungeon Crawl Stone Soup version 0.23-a0-448-g1c01f63 (webtiles) character file.

4 Azzok the Sneak (level 1, 0/11 HPs)
             Began as an Octopode Enchanter on Nov 20, 2018.
             Slain by a leopard gecko (5 damage)
             ... on level 1 of the Dungeon.
             The game lasted 00:00:27 (40 turns).

Azzok the Sneak (Octopode Enchanter)                  Turns: 40, Time: 00:00:28

Health: 0/11       AC:  1    Str:  7    XL:     1   Next: 70%
Magic:  1/3        EV: 13    Int: 17    God:
Gold:   13         SH:  0    Dex: 12    Spells: 3/4 levels left

rFire    . . .     SeeInvis .   a - +1 dagger
rCold    . . .     Gourm    .   (no shield)
rNeg     . . .     Faith    .   (helmet restricted)
rPois    .         Spirit   .   (no amulet)
rElec    .         Reflect  .   (no ring)
rCorr    .         Harm     .   (no ring)
MR       .....                  (no ring)
Stlth    +++.......             (no ring)
HPRegen  0.03/turn              (no ring)
MPRegen  0.08/turn              (no ring)
                                (no ring)
                                (no ring)

@: no status effects
A: almost no armour, stealthy swim, amphibious, 8 rings, constrict 8, camouflage
1, gelatinous body 1
a: no special abilities


You were on level 1 of the Dungeon.
You were not hungry.

You visited 1 branch of the dungeon, and saw 1 of its levels.

You collected 13 gold pieces.

Inventory:

Hand Weapons
 a - a +1 dagger (weapon)
Comestibles
 c - a ration


   Skills:
 * Level 1.2 Short Blades
 - Level 2.0 Dodging
 + Level 4.1 Stealth
 + Level 2.0 Spellcasting
 + Level 3.0 Hexes


You had 3 spell levels left.
You knew the following spells:

 Your Spells              Type           Power        Failure   Level  Hunger
a - Corona                Hex            ##.....      5%          1    #......

Your spell library contained the following spells:

 Spells                   Type           Power        Failure   Level  Hunger
 Ensorcelled Hibernation  Hex/Ice        #.....       16%         2    ###....
 Confuse                  Hex            ##......     16%         3    ###....
 Tukima's Dance           Hex            ##......     16%         3    ###....
 Dazzling Spray           Conj/Hex       #.....       30%         3    ###....


Dungeon Overview and Level Annotations

Branches:
Dungeon (1/15)

Altars:


Innate Abilities, Weirdness & Mutations

You cannot wear most types of armour.
You are very stealthy in the water. (Stealth+)
You are amphibious.
You can wear up to eight rings at the same time.
You can use your tentacles to constrict eight enemies at once.
Your skin changes colour to match your surroundings (Stealth+).
Your rubbery body absorbs attacks. (AC +1, EV +1)


Message History

Aim: a hobgoblin, wielding a +0 club (chance to defeat MR: 66%)
The hobgoblin is outlined in light.
The hobgoblin closely misses you.
You hit the hobgoblin. Your grab misses the hobgoblin.
The hobgoblin is moderately wounded.
The hobgoblin misses you.
You hit the hobgoblin. You grab the hobgoblin. You squeeze the hobgoblin.
You kill the hobgoblin!
Casting: Corona (safe; 5% risk of failure)
Confirm with . or Enter, or press ? or * to list all spells.
Aiming: Corona (safe; 5% risk of failure)
Press: ? - help, Shift-Dir - straight line, f - leopard gecko
Aim: a leopard gecko (clinging, chance to defeat MR: 66%)
The leopard gecko is outlined in light.
The leopard gecko closely misses you.
You closely miss the leopard gecko. Your grab misses the leopard gecko.
The leopard gecko bites you.
You hit the leopard gecko. Your grab misses the leopard gecko.
Your squeeze misses the leopard gecko.
The leopard gecko is heavily wounded.
The leopard gecko bites you.
You die...

·♣♣♣♣♣♣♣♣♣··▒ r·
············▒ ▒·
·▒>·▒··▒▒▒▒▒ ▒ ▒·▒▒··
▒▒···▒▒▒ ▒·▒▒▒·▒··
▒·····▒▒ ·▒····l▒·▒
▒▒··▒··▒▒▒▒
·······▒·▒▒▒▒▒▒▒▒[······▒
·%·······▒▒···)··▒······▒
·········l@······▒······▒
▒▒▒····▒▒▒▒······▒▒▒▒▒▒▒▒
▒···· ▒······▒ ▒····
▒······▒ ▒···· ▒▒▒▒▒▒▒▒
▒▒▒▒▒


You could see a leopard gecko.

Vanquished Creatures
  3 hobgoblins (D:1)
  A rat (D:1)
4 creatures vanquished.

Notes
Turn   | Place    | Note
-------+----------+-------------------------------------------
     0 | D:1      | Azzok the Octopode Enchanter began the quest for the Orb.
     0 | D:1      | Reached XP level 1. HP: 11/11 MP: 3/3
    40 | D:1      | Slain by a leopard gecko

Vault maps used:
D:1:      scummos_arrival_checkerplants

Action                   || total
-------------------------++-------
Melee: Dagger            ||    10
       Constrict         ||     2
       Tentacles         ||     1
 Cast: Corona            ||     2
 Stab: Sleeping          ||     2
Armor: Skin              ||     2
Dodge: Dodged            ||     4

Table legend:
 A = Non-vault XP
 B = Vault XP
 C = Vault XP percentage of total XP
 D = Non-vault monster count
 E = Vault monster count
 F = Vault count percentage of total count
                 A         B        C        D         E       F
            +---------+---------+-------+---------+---------+-------
      Total |       7 |       0 |   0.0 |       4 |       0 |   0.0
            +---------+---------+-------+---------+---------+-------
        D:1 |       7 |       0 |   0.0 |       4 |       0 |   0.0
            +---------+---------+-------+---------+---------+-------
